 Dungeon Crawl Stone Soup version 0.29-a0-340-g6efceafd81 (webtiles) character file.

Game seed: 7497885015580409087

82 rabbitsville the Ruffian (level 4, -1/49 HPs)
             Began as a Demigod Transmuter on Apr 20, 2022.
             Slain by Grinder (5 damage)
             ... on level 3 of the Dungeon.
             The game lasted 00:06:11 (2435 turns).

rabbitsville the Ruffian (Demigod Transmuter)       Turns: 2435, Time: 00:06:12

Health: -1/49      AC: 22    Str: 12 (15) XL:     4   Next: 1%
Magic:  9/9        EV:  2    Int: 12 (15) God:
Gold:   128        SH:  0    Dex: 11 (14) Spells: 5/6 levels left

rFire   . . .      SeeInvis .     - Unarmed
rCold   . . .      Faith    .   (no shield)
rNeg    . . .      Spirit   .   (body armour currently unavailable)
rPois   +          Reflect  .   (helmet currently unavailable)
rElec   .          Harm     .   (cloak currently unavailable)
rCorr   .          Rampage  .   (gloves currently unavailable)
Will    .....      NoTele   +   (boots currently unavailable)
Stlth   +.........              (no amulet)
HPRegen 0.16/turn               (no ring)
MPRegen 0.11/turn               (no ring)

@: tree-form
A: stationary, stasis, torment immunity, boosted hp, high MP 1, forlorn, divine
attributes, frail 1
a: no special abilities


You were on level 3 of the Dungeon.
You were a tree.
You visited 1 branch of the dungeon, and saw 3 of its levels.

You collected 128 gold pieces.

Inventory:

Armour
 a - a +0 robe (melded)
 d - a +0 pair of gloves (melded)
Scrolls
 e - 3 scrolls of identify {unknown}
 f - a scroll of noise {unknown}
 g - a scroll of torment {unknown}
 h - 4 scrolls of acquirement {unknown}
 j - 2 scrolls of vulnerability {unknown}
 l - a scroll of immolation {unknown}
Potions
 c - a potion of degeneration


   Skills:
 * Level 2.4 Fighting
 - Level 1.7 Dodging
 * Level 3.5 Unarmed Combat
 - Level 1.7 Spellcasting
 + Level 2.3 Transmutations


You had 5 spell levels left.
You knew the following spells:

 Your Spells              Type           Power      Damage    Failure   Level
a - Beastly Appendage     Tmut           12%        N/A       11%         1

Your spell library contained the following spells:

 Spells                   Type           Power      Damage    Failure   Level
 Wereblood                Tmut           6%         N/A       16%         2
 Magic Dart               Conj           4%         1d3       28%         1
 Call Imp                 Summ           1%         N/A       38%         2
 Spider Form              Tmut/Pois      3%         N/A       45%         3
 Gell's Gravitas          Tloc           1%         N/A       63%         3
 Lesser Beckoning         Tloc           1%         N/A       63%         3
 Mephitic Cloud           Conj/Pois/Air  1%         N/A       63%         3
 Ozocubu's Armour         Ice            1%         N/A       63%         3
 Teleport Other           Tloc           1%         N/A       63%         3
 Ice Form                 Ice/Tmut       3%         N/A       86%         4
 Alistair's Intoxication  Tmut/Pois      2%         N/A       99%         5
 Borgnjor's Vile Clutch   Necr/Erth      0%         N/A       100%        5
 Eringya's Noxious Bog    Tmut/Pois      1%         N/A       100%        6
 Ozocubu's Refrigeration  Ice            0%         4d5       100%        7


Dungeon Overview and Level Annotations

Branches:
Dungeon (3/15)

Annotations:
D:3 1 exclusion, Grinder, Sigmund


Innate Abilities, Weirdness & Mutations

You are a tree.
Your roots penetrate the ground, keeping you stationary.
You cannot be teleported.
You are immune to unholy pain and torment.
Your maximum health is greatly increased.
Your equipment is partially melded.
You have an increased reservoir of magic. (+10% MP)
You shall have no god before yourself.
Your divine heritage dramatically boosts your attributes as you level up.
You are frail. (-10% HP)


Message History

You can move again.
You hit Grinder. Your kick misses Grinder. Your headbutt misses Grinder.
You punch Grinder.
Grinder is lightly wounded.
Grinder hits you.
You writhe in agony.
You hit Grinder. You claw Grinder. You headbutt Grinder.
Grinder is heavily wounded.
Grinder hits you.
You writhe in agony.
You hit Grinder but do no damage. Your kick misses Grinder.
You headbutt Grinder!
Grinder is severely wounded.
Grinder hits you.
* * * LOW HITPOINT WARNING * * *
You writhe in agony.
* * * LOW HITPOINT WARNING * * *
It was a potion of degeneration.
There was something very wrong with that liquid.
You feel weakened.
You feel dopey.
You feel clumsy.
Your horns disappear.
Your talons disappear.
Grinder gestures at you.
You shrug off the repeated paralysis!
It was a potion of mutation.
You feel extremely strange.
You feel frail. Grinder hits you.
* * * LOW HITPOINT WARNING * * *
You writhe in agony.
* * * LOW HITPOINT WARNING * * *
It was a potion of curing.
You feel better. Grinder hits you.
* * * LOW HITPOINT WARNING * * *
You writhe in agony.
* * * LOW HITPOINT WARNING * * *
You closely miss Grinder.
Grinder is severely wounded.
Grinder misses you.
Really quaff the potion of lignification?
You turn into a tree.
Your +0 pair of gloves melds into your body.
Your +0 robe melds into your body.
Your roots penetrate the ground.
Grinder hits you.
You die...

@.# #. ...# #.#
###5###..# #.#
#......... #.# #.#
#.#..# #.# #.#
.....# #.# #.#
#.#?.# #.#
#.###.#..#
#.#####..##.#5.#
####........>...♣.#
.......####.##.##.#
######.##......##.#
#.##.#..###...
#.##.#.§..##.##
#.##.#<._§####
#.##....§§§§#
#.####.####§# #.#
#.# .#


You could see Grinder.

Vanquished Creatures
  4 adders (D:2)
  A dart slug (D:2)
  4 endoplasms
  4 goblins
  6 hobgoblins
  3 jackals (D:1)
  4 quokkas
  4 ball pythons
  2 bats (D:1)
  3 frilled lizards
  3 kobolds
  4 rats
42 creatures vanquished.

Notes
Turn   | Place    | Note
-------+----------+-------------------------------------------
     0 | D:1      | rabbitsville the Demigod Transmuter began the quest for the
                  | Orb.
     0 | D:1      | Reached XP level 1. HP: 15/15 MP: 5/5
    64 | D:1      | Reached skill level 1 in Fighting
   368 | D:1      | Reached XP level 2. HP: 20/23 MP: 5/7
   373 | D:1      | Reached skill level 3 in Unarmed Combat
  1235 | D:2      | Reached XP level 3. HP: 21/29 MP: 6/8
  2366 | D:3      | Noticed Sigmund
  2372 | D:3      | Reached XP level 4. HP: 34/37 MP: 7/9
  2412 | D:3      | Noticed Grinder
  2424 | D:3      | Paralysed by Grinder for 3 turns
  2432 | D:3      | Gained mutation: You are frail. (-10% HP) [potion of
                  | mutation]
  2435 | D:3      | Slain by Grinder

Illustrated notes

Levels and vault maps discovered:
D:1:      evilmike_arrival_fibonacci_small, layout_basic
D:2:      layout_basic, basic_altar, chequers_serial_rivers_small_b
D:3:      layout_loops_ring, serial_shops, nicolae_shop_overgrown_old_shop,
          ebering_ecumenical_altar_mist, uniq_ijyb, uniq_crazy_yiuf_cottage,
          uniq_grinder, uniq_natasha, uniq_sigmund

Skill      XL: |  1  2  3 |
---------------+----------+-----
Fighting       | 1 2 |  2.4
Transmutations | 2 |  2.3
Unarmed Combat | 3 |  3.5
Dodging        | |  1.7
Spellcasting   | |  1.7

Action                   |  1- 3 |  4- 6 || total
-------------------------+-------+-------++-------
Melee: Unarmed           |   106 |     7 ||   113
       Kick              |    17 |     2 ||    19
       Headbutt          |    10 |     2 ||    12
       Punch             |     1 |     1 ||     2
 Cast: Beastly Appendage |    23 |     1 ||    24
  Use: Potion            |       |     4 ||     4
 Stab: Sleeping          |     2 |       ||     2
Armor: Robe              |    18 |     1 ||    19
Dodge: Dodged            |    68 |     3 ||    71

Table legend: (Time is in decaauts)
 A = Elapsed time spent in this place.
 B = Non-inter-level travel time spent in this place.
 C = Inter-level travel time spent in this place.
 D = Time resting spent in this place.
 E = Time spent auto-exploring this place.
 F = Levels seen in this place.
 G = Mean time per level.
                   A        B        C        D        E       F      G
               +--------+--------+--------+--------+--------+-----+--------+
         Total |   2428 |   2411 |     17 |      2 |   2025 |   3 |  809.3 |
       Dungeon |   2428 |   2411 |     17 |      2 |   2025 |   3 |  809.3 |
               +--------+--------+--------+--------+--------+-----+--------+

Top non-repeatable levels by time:
     D:1: 1215 daAuts
     D:2: 1126 daAuts
     D:3: 87 daAuts
